[Event "NJSK 2026 Jeugd C"]
[Site "Helmond, Netherlands"]
[Date "2026.04.25"]
[Round "1.13"]
[White "De Wit, Jim"]
[Black "Lenting, Roan"]
[Result "0-1"]
[TimeControl "90min/40moves + 30sec/move"]
[WhiteTitle "-"]
[BlackTitle "-"]
[WhiteFideId "1097326"]
[BlackFideId "1085905"]
[WhiteElo "1749"]
[BlackElo "1986"]

1. d4 Nf6 2. c4 e6 3. Nf3 d5 4. g3 Bd6 5. Bg2 Nc6 6. Nc3 O-O 7. O-O dxc4 8. e4 e5 9. d5 Na5 10.
Nd2 c6 11. dxc6 bxc6 12. Qe2 Qb6 13. Rd1 Ba6 14. Nf3 Qc7 15. Nh4 g6 16. Be3 Rad8 17. h3 Bc8 18. Qc2 Be6 19. Nf3 Be7 20. Ng5 Bc8 21. Nf3 Rfe8 22. Qa4 Rxd1+ 23. Rxd1 Nd7 24. Nd2 Nc5 25.
Bxc5 Bxc5 26. Nxc4 Nxc4 27. Qxc4 Qa5 28. Na4 Bd4 29. Qxc6 Rd8 30. Qc2 Be6 31. b3 Rc8 32. Qd2 Qxd2 33.
Rxd2 Rc1+ 34. Kh2 Kg7 35. h4 Bc8 36. Bf3 Bb7 37. Kg2 Ba6 38. Be2 Bb7 39. Bf3 f5 40. exf5 Bxf3+ 41. Kxf3 gxf5 42.
Ke2 Kf6 43. Nb2 Bc3 44. Rd6+ Ke7 45. Nc4 Bd4 46. f4 Rxc4 0-1

[Event "NJSK 2026 Jeugd C"]
[Site "Helmond, Netherlands"]
[Date "2026.04.25"]
[Round "1.14"]
[White "Uitermark, Imre"]
[Black "Nair, Pranav Prasobh"]
[Result "1-0"]
[TimeControl "90min/40moves + 30sec/move"]
[WhiteTitle "-"]
[BlackTitle "-"]
[WhiteFideId "40105199"]
[BlackFideId "40109135"]
[WhiteElo "1957"]
[BlackElo "1747"]

1. e4 e5 2. Nf3 Nc6 3. Bc4 Nf6 4.
d3 Bc5 5. c3 d6 6. O-O h6 7. Nbd2 O-O 8. Re1 Be6 9. Bxe6 fxe6 10. Qb3 Qc8 11. Nf1 Kh7 12. Be3 Bb6 13. Bxb6 axb6 14.
Ng3 Qe8 15. d4 exd4 16. cxd4 Qf7 17. Qd3 e5 18. d5 Ne7 19. Rac1 Rac8 20. Nh4 Nh5 21. Rf1 Nf4 22. Qe3 Qf6 23.
Nf3 g5 24. Rc3 Kh8 25. Rfc1 Nfxd5 26. exd5 Nxd5 27. Qe2 Nxc3 28. Rxc3 Rf7 29. Ne4 Qf5 30. Qd3 d5 31. Nd6 cxd6 32.
Qxf5 Rxc3 33. Qb1 Rc6 34. h3 Kg7 35. Qd3 d4 36. g4 Rf4 37. Nd2 d5 38. Nf1 Rcf6 39. Ng3 Rxf2 40. Nh5+ Kg8 41.
Nxf6+ Rxf6 42. Qb5 Rc6 43. Qxd5+ Kh8 44. Qxe5+ Kg8 45. Qxd4 Kf7 46. Qd7+ Kg6 47. Qxb7 Rc1+ 48. Kf2 Rc2+ 49.
Ke3 Rxb2 50. Qe4+ Kf7 51. Qf5+ Kg8 52. Qg6+ Kf8 53. Qf6+ 1-0

[Event "NJSK 2026 Jeugd C"]
[Site "Helmond, Netherlands"]
[Date "2026.04.25"]
[Round "1.15"]
[White "Huang, Ziyang"]
[Black "Ngangbam, Chingthang"]
[Result "0-1"]
[TimeControl "90min/40moves + 30sec/move"]
[WhiteTitle "-"]
[BlackTitle "-"]
[WhiteFideId "40105288"]
[BlackFideId "1086510"]
[WhiteElo "1721"]
[BlackElo "1937"]

1. e4 c5 2. Nf3 Nc6 3. d4 cxd4 4.
Nxd4 Nf6 5. Nc3 d6 6. f3 e5 7. Nb3 Be7 8. Be3 Be6 9. Nd5 Bxd5 10. exd5 Nb4 11. c4 a5 12. a3 Na6 13.
Bd3 O-O 14. O-O Nd7 15. Qe2 f5 16. Qc2 g6 17. g4 Bg5 18. f4 exf4 19. Bd4 fxg4 20. Bxg6 Ne5 21. Bxh7+ Kh8 22. Bf5 Bh6 23.
Be6 Bg7 24. Bxe5 Bxe5 25. Kh1 Qh4 26. h3 Qxh3+ 27. Qh2 Qxh2+ 28. Kxh2 f3+ 29. Kg1 g3 30. Bg4 a4 31. Rxf3 Rxf3 32.
Bxf3 axb3 33. Kg2 Nc5 34. Rh1+ Kg7 35. Bd1 Rf8 36. Bf3 Nd3 37. Rb1 Rh8 38. Rh1 Rxh1 39. Kxh1 Nxb2 40. Be2 Na4 41.
Bd3 Nc3 42. c5 dxc5 43. a4 b2 44. Kg2 b1=Q 45. Bxb1 Nxb1 46. a5 c4 47. a6 bxa6 48. d6 Bxd6 49. Kf3 c3 50. Ke4 c2 51.
Kd4 c1=Q 52. Kd3 Qc5 53. Ke4 g2 54. Kf3 g1=Q 55. Ke2 Qce3# 0-1

[Event "NJSK 2026 Jeugd C"]
[Site "Helmond, Netherlands"]
[Date "2026.04.25"]
[Round "1.17"]
[White "Tkacenko, Kostia"]
[Black "Nadrshin, Oleg"]
[Result "1-0"]
[TimeControl "90min/40moves + 30sec/move"]
[WhiteTitle "-"]
[BlackTitle "-"]
[WhiteFideId "40120708"]
[BlackFideId "40111873"]
[WhiteElo "1552"]
[BlackElo "1894"]

1. e4 c5 2. Nf3 Nc6 3. d4 cxd4 4. Nxd4 Nf6 5. Nc3 e5 6. Ndb5 d6 7. Nd5 Nxd5 8. exd5 Ne7 9. c4 Ng6 10.
g3 a6 11. Nc3 Be7 12. h4 f5 13. h5 Nf8 14. Be3 Bg5 15. Qd2 Bxe3 16. Qxe3 Nd7 17. Be2 O-O 18. a3 Nc5 19. h6 g6 20. f4 Re8 21. O-O-O Bd7 22.
b4 Na4 23. Nxa4 Bxa4 24. Rde1 Rc8 25. Bd3 b5 26. Qa7 Re7 27. Qe3 bxc4 28. Bc2 Bxc2 29. Kxc2 Qd7 30. Qc3 Qa4+ 31. Kb2 a5 32.
fxe5 Rb7 33. exd6 axb4 34. axb4 Ra8 35. Kc1 Qa2 36. Re7 Qa1+ 37. Qxa1 Rxa1+ 38. Kc2 Raa7 39. Rhe1 Rd7 40. Kc3 Kf8 41. Kxc4 Rxe7 42. Rxe7 Rxe7 43.
dxe7+ Kxe7 44. Kc5 g5 45. b5 Kd7 46. b6 f4 47. gxf4 gxf4 48. Kd4 Kc8 49. d6 Kd7 50. b7 1-0

[Event "NJSK 2026 Jeugd C"]
[Site "Helmond, Netherlands"]
[Date "2026.04.26"]
[Round "2.1"]
[White "Leenen, Boyd"]
[Black "Botter, Simon"]
[Result "1/2-1/2"]
[TimeControl "90min/40moves + 30sec/move"]
[WhiteTitle "-"]
[BlackTitle "-"]
[WhiteFideId "1083937"]
[BlackFideId "40107698"]
[WhiteElo "2205"]
[BlackElo "1988"]

1. Nf3 Nf6 2. b3 g6 3. Bb2 Bg7 4. e3 c5 5. d4 cxd4 6. exd4 d5 7. Bd3 O-O 8. O-O Nc6 9. a3 a6 10. Nbd2 b5 11. Re1 Nd7 12. Ne5 Ndxe5 13. dxe5 f6 14.
exf6 Bxf6 15. Bxf6 Rxf6 16. Nf3 Qd6 17. c4 bxc4 18. bxc4 Bg4 19. Be2 dxc4 20. Bxc4+ Kg7 21. Qxd6 Rxd6 22.
Ne5 Nxe5 23. Rxe5 Kf6 24. Rae1 Rc8 25. Bf1 Re6 26. Rxe6+ Bxe6 27. Bxa6 Ra8 28. Bf1 Rxa3 1/2-1/2

[Event "NJSK 2026 Jeugd C"]
[Site "Helmond, Netherlands"]
[Date "2026.04.26"]
[Round "2.2"]
[White "Omnes, Tiago"]
[Black "Thijssen, Freek"]
[Result "1/2-1/2"]
[TimeControl "90min/40moves + 30sec/move"]
[WhiteTitle "-"]
[BlackTitle "-"]
[WhiteFideId "1091867"]
[BlackFideId "1091840"]
[WhiteElo "1990"]
[BlackElo "2159"]

1. Nf3 Nf6 2. g3 e6 3. Bg2 Be7 4.
O-O O-O 5. c4 d5 6. b3 c5 7. cxd5 exd5 8. d4 b6 9. Bb2 Nc6 10. Nc3 Ba6 11. Rc1 Rc8 12. Re1 Ne4 13. a3 Bf6 14.
e3 Re8 15. Na4 cxd4 16. exd4 Bb5 17. Nc3 Nxc3 18. Bxc3 Rxe1+ 19. Qxe1 Qd6 20. Bb2 Ba6 21. Qe3 Qd7 1/2-1/2

[Event "NJSK 2026 Jeugd C"]
[Site "Helmond, Netherlands"]
[Date "2026.04.26"]
[Round "2.3"]
[White "Lenting, Roan"]
[Black "Teianu, Sabin"]
[Result "0-1"]
[TimeControl "90min/40moves + 30sec/move"]
[WhiteTitle "-"]
[BlackTitle "-"]
[WhiteFideId "1085905"]
[BlackFideId "1095846"]
[WhiteElo "1986"]
[BlackElo "2131"]

1. e4 e6 2. d4 d5 3. e5 c5 4. c3 Nc6 5. Nf3 Qb6 6. a3 c4 7. Nbd2 Na5 8. Be2 Bd7 9. O-O Ne7 10.
Qc2 h6 11. h4 Qc7 12. Bd1 Nc8 13. b4 cxb3 14. Nxb3 Ba4 15. Qa2 Nc4 16. Nbd2 Bxd1 17. Rxd1 Nxd2 18. Bxd2 Nb6 19. Qb3 Be7 20.
Qb5+ Qd7 21. Rdb1 Qxb5 22. Rxb5 Kd7 23. g3 Kc6 24. Rb3 Na4 25. Ne1 b5 26. Nd3 a6 27. Kf1 Rhc8 28. Ke2 Kd7 29.
Nb2 Nxb2 30. Rxb2 Rc4 31. Kd3 Ra4 32. Rb3 Rc8 33. Ra2 Rcc4 34.
Ra1 Kc6 35. Bc1 Bd8 36. Bd2 Bb6 37. Be3 Bd8 38. h5 Be7 39. Bc1 f6 40. f4 Kd7 41. Bd2 Rc8 42. Rf1 Rf8 43. exf6 Rxf6 44.
Bc1 Bd6 45. Rg1 Rf5 46. g4 Rf8 47. Rf1 Rc4 48. Bd2 e5 49. dxe5 Bxe5 50. Rb4 Bd6 51. Rxc4 dxc4+ 52. Ke4 a5 53. Kd4 Kc6 54. Bc1 Re8 55. a4 Bc5# 0-1

[Event "NJSK 2026 Jeugd C"]
[Site "Helmond, Netherlands"]
[Date "2026.04.26"]
[Round "2.4"]
[White "Guillaumond, Matthieu"]
[Black "Uitermark, Imre"]
[Result "1-0"]
[TimeControl "90min/40moves + 30sec/move"]
[WhiteTitle "-"]
[BlackTitle "-"]
[WhiteFideId "1097091"]
[BlackFideId "40105199"]
[WhiteElo "2104"]
[BlackElo "1957"]

1. e4 c5 2. Nf3 Nc6 3. d4 cxd4 4.
Nxd4 Nf6 5. Nc3 e5 6. Ndb5 d6 7. Nd5 Nxd5 8. exd5 Ne7 9. c4 Ng6 10. Bd3 a6 11. Nc3 Be7 12. a4 O-O 13.
a5 Bg5 14. b4 f5 15. h4 Bxc1 16. Rxc1 e4 17. h5 Ne5 18. Be2 Qg5 19. Kf1 Bd7 20. c5 Rae8 21. Rh3 Ng4 22. c6 Qf4 23.
Qe1 Nxf2 24. g3 Qe3 25. Rh4 Bc8 26. Bxa6 f4 27. cxb7 Bh3+ 28. Rxh3 Qxe1+ 29. Rxe1 Nxh3 30. Rxe4 Rxe4 31. Nxe4 fxg3+ 32. Kg2 Nf4+ 33.
Kxg3 Nxd5 34. Bc4 1-0

[Event "NJSK 2026 Jeugd C"]
[Site "Helmond, Netherlands"]
[Date "2026.04.26"]
[Round "2.5"]
[White "Ngangbam, Chingthang"]
[Black "Pathak, Raghav"]
[Result "0-1"]
[TimeControl "90min/40moves + 30sec/move"]
[WhiteTitle "-"]
[BlackTitle "-"]
[WhiteFideId "1086510"]
[BlackFideId "1084259"]
[WhiteElo "1937"]
[BlackElo "2091"]

1. e4 e5 2. Nf3 Nc6 3. Bc4 Nf6 4. d4 Nxe4 5. dxe5 Nc5 6. O-O Be7 7. Nc3 d6 8. Re1 O-O 9. Nd5 dxe5 10.
Nxe5 Nxe5 11. Rxe5 Bd6 12. Rh5 Be6 13. Bg5 f6 14. Be3 c6 15. Nb6 axb6 16. Bxc5 Bxc4 17. Bxd6 Be2 18. Qxe2 Qxd6 19. Rd1 Rfe8 20. Qc4+ Qe6 21.
Qxe6+ Rxe6 22. g3 Re2 23. Rd7 Rxc2 24. b4 Raxa2 25. Rf5 Ra7 26. Rc7 Re2 27. Rf4 Kf8 28. Rg4 Re7 29. Rxe7 Kxe7 30.
Rxg7+ Kd6 31. Rxh7 c5 32. b5 c4 33. Rh8 Kc5 34. Rc8+ Kb4 35. h4 Ra5 36. g4 Rxb5 37. h5 Rg5 38.
f3 Rg7 39. Kf2 Kb3 40. Ke2 b5 41. Kd2 b4 42. Rc5 c3+ 43. Kc1 Re7 44. Kd1 Kb2 45. h6 b3 46. f4 c2+ 47. Kd2 Rd7 48.
Ke3 c1=Q+ 0-1

[Event "NJSK 2026 Jeugd C"]
[Site "Helmond, Netherlands"]
[Date "2026.04.26"]
[Round "2.6"]
[White "Koppenens, Oscar"]
[Black "Brorens, Victor"]
[Result "1-0"]
[TimeControl "90min/40moves + 30sec/move"]
[WhiteTitle "-"]
[BlackTitle "-"]
[WhiteFideId "1087940"]
[BlackFideId "1095307"]
[WhiteElo "2036"]
[BlackElo "1911"]

1. e4 e6 2. d4 d5 3. Nd2 c5 4. Ngf3 cxd4 5. Nxd4 Nc6 6. Bb5 Qb6 7. exd5 exd5 8. Qe2+ Nge7 9. N2f3 Bd7 10.
Be3 Qa5+ 11. c3 O-O-O 12. b4 Qa3 13. O-O h6 14. Rab1 g5 15. Rb3 Nxd4 16. Nxd4 Bxb5 17. Nxb5 Qa6 18.
Ra3 Qg6 19. Bd4 f6 20. Qe6+ Rd7 21. Nxa7+ Kd8 22. Bb6+ Ke8 23. Nb5 1-0

[Event "NJSK 2026 Jeugd C"]
[Site "Helmond, Netherlands"]
[Date "2026.04.26"]
[Round "2.7"]
[White "Sosef, Noah"]
[Black "Tkacenko, Kostia"]
[Result "1-0"]
[TimeControl "90min/40moves + 30sec/move"]
[WhiteTitle "-"]
[BlackTitle "-"]
[WhiteFideId "40107060"]
[BlackFideId "40120708"]
[WhiteElo "2012"]
[BlackElo "1552"]

1. e4 e6 2. d4 d5 3. Nc3 Bb4 4.
e5 c5 5. Bd2 cxd4 6. Nb5 Bc5 7. b4 Be7 8. Nxd4 Nc6 9.
Nxc6 bxc6 10. Nf3 Qb6 11. a3 c5 12. Rb1 Rb8 13. b5 a5 14. c3 Bd8 15. Qa4 Ne7 16. Bd3 Ng6 17. O-O Bb7 18.
Be3 Be7 19. Rfc1 O-O 20. Qg4 d4 21. cxd4 Bxf3 22. gxf3 Rfc8 23. a4 Rc7 24. Rc4 cxd4 25. Qxd4 Qxd4 26. Bxd4 Rd7 27. Bxg6 hxg6 28.
Rbc1 Rbd8 29. Bb6 Rd1+ 30. Kg2 Rxc1 31. Rxc1 Rd5 32. Bxa5 Rxe5 33. Bc7 Rd5 34. b6 Bc5 35. Rxc5 1-0

[Event "NJSK 2026 Jeugd C"]
[Site "Helmond, Netherlands"]
[Date "2026.04.26"]
[Round "2.9"]
[White "Zhang, Xiheng"]
[Black "Gupta, Akul"]
[Result "1-0"]
[TimeControl "90min/40moves + 30sec/move"]
[WhiteTitle "-"]
[BlackTitle "-"]
[WhiteFideId "40102386"]
[BlackFideId "1084194"]
[WhiteElo "2135"]
[BlackElo "2017"]

1. e4 c5 2. Nf3 e6 3. d4 cxd4 4.
Nxd4 Nf6 5. Nc3 Nc6 6. Nxc6 bxc6 7. e5 Nd5 8. Ne4 Qc7 9. f4 Qb6 10. c4 Bb4+ 11. Ke2 f5 12. exf6 Nxf6 13.
Be3 Qb8 14. Nxf6+ gxf6 15. Kf2 O-O 16. Bd3 d5 17. Qf3 Qd6 18. Rad1 Kh8 19. Rhf1 Bd7 20. Kg1 a5 21. Kh1 Rae8 22.
Bxh7 Re7 23. Bg6 Kg7 24. Qg4 Rh8 25. Bh5+ Kf8 26. Qg6 Rxh5 27. Qxh5 Rg7 28. f5 Be8 29. Qh8+ 1-0

[Event "NJSK 2026 Jeugd C"]
[Site "Helmond, Netherlands"]
[Date "2026.04.26"]
[Round "2.10"]
[White "Lalkota, Sai Pranav Tejas"]
[Black "Zhou, Yanyang"]
[Result "1/2-1/2"]
[TimeControl "90min/40moves + 30sec/move"]
[WhiteTitle "-"]
[BlackTitle "-"]
[WhiteFideId "1087690"]
[BlackFideId "40109739"]
[WhiteElo "1830"]
[BlackElo "1860"]

1. c4 e5 2. g3 c6 3. Bg2 d5 4. cxd5 cxd5 5. d4 e4 6. Nc3 Nf6 7. Bf4 Nc6 8. f3 Bb4 9. a3 Bxc3+ 10. bxc3 Bf5 11. Qb3 Qd7 12. fxe4 Nxe4 13. Nf3 O-O 14. O-O Rac8 15. Rac1 Nf6 16. Ne5 Nxe5 17. Bxe5 Ne4 18. Bf4 Rc6 19.
c4 Rxc4 20. Rxc4 dxc4 21. Qxc4 Rc8 22. Qb4 b6 23. Rc1 Rxc1+ 24. Bxc1 Nf6 25. Bg5 Nd5 26. Qc4 Be6 27. Qd3 h6 28.
Bd2 f5 29. g4 Nf6 30. gxf5 Bxf5 31. e4 Bg6 32. Qc4+ Kh7 33. e5 Ng4 34. e6 Qd6 35. d5 Qxh2+ 36. Kf1 Ne5 37. Qf4 Qh5 38.
Kg1 Qd1+ 39. Kh2 Nd3 40. Qe3 Qh5+ 41. Kg1 Qd1+ 42. Kh2 Qh5+ 43. Kg1 1/2-1/2

[Event "NJSK 2026 Jeugd C"]
[Site "Helmond, Netherlands"]
[Date "2026.04.26"]
[Round "2.11"]
[White "Nadrshin, Oleg"]
[Black "Suthan, Aadvik"]
[Result "1-0"]
[TimeControl "90min/40moves + 30sec/move"]
[WhiteTitle "-"]
[BlackTitle "-"]
[WhiteFideId "40111873"]
[BlackFideId "1095765"]
[WhiteElo "1894"]
[BlackElo "1822"]

1. e4 e5 2. Nf3 Nc6 3. Bb5 Nf6 4. O-O Nxe4 5. d4 Nd6 6. Bxc6 dxc6 7. dxe5 Nf5 8. Qxd8+ Kxd8 9. Nc3 h6 10. h3 Be6 11. Rd1+ Ke8 12.
g4 Ne7 13. Nd4 Bd7 14. Kg2 a6 15. f4 c5 16. Nb3 b6 17. Kg3 h5 18. f5 g6 19. Ne4 Bg7 20. f6 Bf8 21. fxe7 Bxe7 22.
Nf6+ Bxf6 23. exf6 hxg4 24. hxg4 Be6 25. Bg5 a5 26. Rh1 Rxh1 27. Rxh1 Kd7 28. a3 Kc6 29. Re1 Rd8 30. Bh6 Bd5 31.
Re7 Rd7 32. Rxd7 Kxd7 33. Kf4 Ke6 34. Bg7 a4 35. Nd2 b5 36. Ne4 c4 37. Ng5+ Kd7 38. Ke5 c6 39. Bf8 Ke8 40. Bc5 Kd7 41.
c3 Ke8 42. Kd6 Kd8 43. Nh3 Ke8 44. g5 Kd8 45. Nf4 Be4 46. Ne2 Kc8 47. Ke7 Bf5 48. Kxf7 Kd7 49. Nf4 Be4 50. Kg7 b4 51.
f7 bxc3 52. bxc3 Bd5 53. Nxd5 cxd5 54. f8=Q Kc6 55. Qd6+ Kb7 56. Qd7+ Kb8 57. Qa7+ Kc8 58. Bb6 d4 59. Qc7# 1-0

[Event "NJSK 2026 Jeugd C"]
[Site "Helmond, Netherlands"]
[Date "2026.04.26"]
[Round "2.12"]
[White "Okita, Ryoga"]
[Black "Bajnath, Dhanesh"]
[Result "1-0"]
[TimeControl "90min/40moves + 30sec/move"]
[WhiteTitle "-"]
[BlackTitle "-"]
[WhiteFideId "1090666"]
[BlackFideId "40104842"]
[WhiteElo "1812"]
[BlackElo "1889"]

1. e4 e5 2. Nf3 Nc6 3.
d4 exd4 4. Nxd4 Nf6 5. Nxc6 bxc6 6. Qe2 a5 7. e5 Nd5 8. c4 Ba6 9. Qg4 Nb6 10. Bd3 d5 11. Bg5 Be7 12. Bxe7 Qxe7 13.
Qxg7 O-O-O 14. O-O Bxc4 15. Bf5+ Kb7 16. Re1 d4 17. Nd2 Bd5 18. g3 h5 19. e6 h4 20. Rac1 hxg3 21. fxg3 Rdg8 22.
Qxd4 fxe6 23. Be4 Qg5 24. Nf3 Qh5 25. Qf2 Rf8 26. Rc3 a4 27. Qg2 Rfg8 28. Rc2 Rh6 29. Nd4 Bxe4 30. Qxe4 Qd5 31.
Rxc6 Rd8 32. Nxe6 1-0

[Event "NJSK 2026 Jeugd C"]
[Site "Helmond, Netherlands"]
[Date "2026.04.26"]
[Round "2.13"]
[White "Mendelsohn, Saffran"]
[Black "Cubuk, Armin"]
[Result "1-0"]
[TimeControl "90min/40moves + 30sec/move"]
[WhiteTitle "-"]
[BlackTitle "-"]
[WhiteFideId "40108996"]
[BlackFideId "40105423"]
[WhiteElo "1767"]
[BlackElo "1881"]

1. e4 c6 2. d4 d5 3. e5 c5 4. dxc5 Nc6 5. Bb5 e6 6. Be3 Nge7 7. c3 Nf5 8. Bd4 Be7 9. Nf3 O-O 10.
Bxc6 bxc6 11. O-O Rb8 12. Qc2 Qc7 13. Nbd2 a5 14. Rfb1 Qa7 15. b4 Bd7 16. a3 f6 17. Nb3 a4 18.
Nc1 Be8 19. Qe2 Qd7 20. Nd3 Bg6 21. Re1 Bf7 22. Nf4 Nxd4 23. cxd4 f5 24. Qc2 g5 25. Ne2 Kh8 26. Nc3 Rg8 27. Nd2 g4 28. Ne2 Bg5 29. g3 f4 30. gxf4 Bg6 31. Qc3 Bh6 32.
Nf1 Be4 33. Nd2 Bf3 34. Nxf3 gxf3+ 35. Ng3 Rbf8 36. Re3 Bxf4 37. Rxf3 h5 38. Kh1 Qh7 39. Nxh5 Qe4 40. Nf6 Rxf6 41.
exf6 Rg6 42. Qd3 Qxd3 43. Rxd3 Rxf6 44. Rh3+ Kg7 45. Rg1+ Rg6 46. Rxg6+ Kxg6 47. Kg2 Kf5 48. Kf3 Bc1 49. Ke2 Ke4 50. Rd3 Bb2 51.
h4 Bxd4 52. Rxd4+ Kxd4 53. h5 Ke5 54. Kd3 Kf6 55. b5 cxb5 56. c6 b4 57. c7 b3 58. c8=Q Ke5 59. h6 d4 60. h7 b2 61.
Qb8+ Kd5 62. Qxb2 e5 63. f3 Kd6 64. h8=Q e4+ 65. fxe4 Kc6 66. Qf6+ Kc7 67. Qbb6+ Kd7 68. Qb7+ Ke8 69.
Qfe7# 1-0

[Event "NJSK 2026 Jeugd C"]
[Site "Helmond, Netherlands"]
[Date "2026.04.26"]
[Round "2.14"]
[White "Ozbek, Ahmet Naim"]
[Black "Fu, Ziqing"]
[Result "1/2-1/2"]
[TimeControl "90min/40moves + 30sec/move"]
[WhiteTitle "-"]
[BlackTitle "-"]
[WhiteFideId "40101975"]
[BlackFideId "40109623"]
[WhiteElo "1869"]
[BlackElo "1810"]

1. d4 d5 2. c4 e6 3. Nf3 Nf6 4. g3 c5 5. cxd5 Nxd5 6. Bg2 Bd6 7. O-O O-O 8. e4 Nb6 9. Nc3 Nc6 10.
dxc5 Bxc5 11. Bf4 Qe7 12. a3 Rd8 13. Qc2 Bd4 14. Nb5 e5 15. Bd2 Be6 16. Nbxd4 Nxd4 17. Nxd4 exd4 18. Ba5 Rac8 19.
Qd2 Qc5 20. Rfc1 Nc4 21. Rxc4 Bxc4 22. Bxd8 Rxd8 23. Rc1 Qb5 24. b4 Be6 25. Bf1 Qe5 26. Bd3 Rc8 27. Rxc8+ Bxc8 28. Qc2 Bd7 29.
f4 Qe6 30. Qc7 Qc6 31. Qxc6 Bxc6 32. Kf2 Kf8 33. b5 Bd7 34. Kf3 Be6 35. f5 Bb3 36. Kf4 f6 37. e5 Bd5 38. exf6 gxf6 39.
Be4 Bc4 40. Bxb7 Bxb5 41. Ke4 d3 42. Ke3 Ke7 43. Be4 Kd6 44. Bxd3 Bxd3 45. Kxd3 Ke5 46. g4 Kf4 47. h3 h5 48.
gxh5 Kxf5 49. h4 Ke6 50. Ke4 Kf7 51. Kf5 Kg7 52. a4 a5 53. Ke6 Kh6 54. Kxf6 Kxh5 55. Ke5 Kxh4 56. Kd5 Kg5 57.
Kc5 Kf6 58. Kb5 Ke7 59. Kxa5 Kd8 1/2-1/2

[Event "NJSK 2026 Jeugd C"]
[Site "Helmond, Netherlands"]
[Date "2026.04.26"]
[Round "2.15"]
[White "Huang, Vincent"]
[Black "De Wit, Jim"]
[Result "1-0"]
[TimeControl "90min/40moves + 30sec/move"]
[WhiteTitle "-"]
[BlackTitle "-"]
[WhiteFideId "40104184"]
[BlackFideId "1097326"]
[WhiteElo "1855"]
[BlackElo "1749"]

1. d4 Nf6 2. c4 g6 3. Nc3 d5 4. e3 Bg7 5. Nf3 O-O 6. Bd3 c5 7. O-O cxd4 8. exd4 Nc6 9. h3 Be6 10.
Qe2 Rc8 11. c5 h6 12. Be3 Qd7 13. Bb5 a6 14. Ne5 Qc7 15. Bxc6 bxc6 16. Qxa6 Nh5 17. f4 Ng3 18. Rf3 Bxe5 19.
fxe5 Nf5 20. Bf2 Ra8 21. Qd3 Rfb8 22. Qd2 Kh7 23. Rc1 Ng7 24. b3 Ra6 25. Na4 Rba8 26. Ra1 Bf5 27. Nb6 Rb8 28. Be3 h5 29. a4 e6 30.
b4 Be4 31. Rff1 Nf5 32. Bf2 Kg7 33. b5 Ra7 34. Rfd1 Qb7 35. Qb4 Ne7 36. Bh4 Nc8 37. Bf6+ Kh7 38. Nxc8 Rxc8 39. b6 Ra6 40.
Qd2 Rg8 41. Ra3 Raa8 42. a5 Ra6 43. Rf1 Qa8 44. Rf4 g5 45. Rf2 g4 46. hxg4 Rxg4 47. Rh3 Bg6 48. Qe2 Kg8 49. Qxg4 1-0

[Event "NJSK 2026 Jeugd C"]
[Site "Helmond, Netherlands"]
[Date "2026.04.26"]
[Round "2.16"]
[White "Nair, Pranav Prasobh"]
[Black "Roersma, Dylan"]
[Result "1/2-1/2"]
[TimeControl "90min/40moves + 30sec/move"]
[WhiteTitle "-"]
[BlackTitle "-"]
[WhiteFideId "40109135"]
[BlackFideId "1097393"]
[WhiteElo "1747"]
[BlackElo "1846"]

1. e4 c5 2. Nf3 Nc6 3. Bb5 g6 4. O-O Bg7 5. Re1 d6 6. c3 Bg4 7. h3 Bxf3 8. Qxf3 e5 9. Bxc6+ bxc6 10.
Na3 Ne7 11. Nc4 O-O 12. d3 h6 13. Qg3 Qd7 14. f4 exf4 15. Bxf4 d5 16. exd5 cxd5 17. Ne5 Qb7 18. Qf2 Rac8 19.
Ng4 h5 20. Nh6+ Bxh6 21. Bxh6 Rfe8 22. Re5 f5 23. Rae1 Qd7 24. Qe2 Kf7 25. Re6 Nc6 26. Rxe8 Rxe8 27. Qxe8+ Qxe8 28. Rxe8 Kxe8 29. Be3 d4 30. cxd4 cxd4 31. Bf2 Ke7 32. b4 Nxb4 33.
Bxd4 Nxa2 34. Bxa7 Ke6 35. Kf2 Kd5 36. h4 Nb4 37. d4 Nc6 38. Bb6 Nxd4 39. Ke3 Ne6 40. g3 Kc4 41. Ba7 Kc3 42.
Bb8 Kc2 43. Ke2 Nc5 44. Bf4 Ne4 45. Be5 Nc5 46. Bc7 Kc3 47. Ke3 Ne6 48. Be5+ Kc4 49. Bf6 Kd5 50. Bh8 Nd8 51. Bf6 Nf7 52.
Kf4 Ke6 53. Bd4 Nd6 54. Bc3 Kf7 55. Be5 Ne4 56. Bd4 Ke6 57. Bg7 g5+ 58. hxg5 Kf7 59. Be5 Kg6 60. Bb8 Nxg5 61. Ke3 Ne6 62.
Kf3 Kg5 63. Kf2 Kg4 64. Kg2 Nd4 65.
Kf2 Nc6 66. Bc7 Ne7 67. Bd6 Ng6 68. Kg2 Nh8 69. Be5 Nf7 70. Bc7 Ng5 71. Bb8 Nf3 72. Bc7 Nd4 73. Bb8 Nf3 74. Bc7 h4 75.
gxh4 Nxh4+ 76. Kf2 f4 77. Bxf4 Kxf4 1/2-1/2

[Event "NJSK 2026 Jeugd C"]
[Site "Helmond, Netherlands"]
[Date "2026.04.26"]
[Round "2.17"]
[White "Nguyen, Paul"]
[Black "Huang, Ziyang"]
[Result "1/2-1/2"]
[TimeControl "90min/40moves + 30sec/move"]
[WhiteTitle "-"]
[BlackTitle "-"]
[WhiteFideId "1095072"]
[BlackFideId "40105288"]
[WhiteElo "1845"]
[BlackElo "1721"]

1. e4 c5 2. Nf3 d6 3. d4 cxd4 4. Nxd4 Nf6 5. Nc3 g6 6. Be3 Bg7 7. f3 O-O 8. Qd2 Nc6 9. O-O-O d5 10.
exd5 Nxd5 11. Nxc6 bxc6 12. Nxd5 cxd5 13. Qxd5 Qc7 14. Kb1 Be6 15. Qc5 Qb7 16. Qb5 Qxb5 17. Bxb5 Rab8 18. a4 a6 19.
Bxa6 Rxb2+ 20. Kc1 Bf5 21. Kd2 Bxc2 22. Rc1 Bxa4+ 23. Ke1 Rd8 24. Be2 Rdb8 25. Kf2 Bb5 26. Rhe1 h5 27. Kf1 Bxe2+ 28. Rxe2 Rxe2 29. Kxe2 Be5 30. f4 Bf6 31. Kf3 Kg7 32. h3 Rb3 33. Rc4 e6 34. g4 Bd8 35. Ke2 Bf6 36. g5 Bb2 1/2-1/2

[Event "NJSK 2026 Jeugd C"]
[Site "Helmond, Netherlands"]
[Date "2026.04.27"]
[Round "3.1"]
[White "Teianu, Sabin"]
[Black "Koppenens, Oscar"]
[Result "1/2-1/2"]
[TimeControl "90min/40moves + 30sec/move"]
[WhiteTitle "-"]
[BlackTitle "-"]
[WhiteFideId "1095846"]
[BlackFideId "1087940"]
[WhiteElo "2131"]
[BlackElo "2036"]

1. d4 d5 2. c4 e6 3. Nf3 Nf6 4. Nc3 Nbd7 5. Bf4 Bb4 6. cxd5 exd5 7. e3 Ne4 8. Qc2 g5 9. Be5 Nxe5 10.
Nxe5 c6 11. Bd3 f6 12. Nf3 Qe7 13. Nd2 f5 14. Rf1 Be6 15. Bxe4 fxe4 16. O-O-O O-O-O 17. f3 exf3 18. gxf3 Rhf8 19.
Rde1 g4 20. fxg4 Bxg4 21. Rxf8 Rxf8 22. Rf1 Qxe3 23. Rxf8+ Bxf8 24. Qxh7 Qxd4 25. Qf7 Bh6 26. Qg8+ Kc7 27. Qh7+ Qg7 28.
Qxg7+ Bxg7 29. Nf1 Kd6 30. Kc2 Ke5 31. Ne3 Bf3 32. a4 d4 33. Nc4+ Kf4 34. Na2 c5 35. Nc1 b6 36. Nd3+ Ke4 37.
Nd2+ Ke3 38. Nf1+ Ke4 39. Nd2+ Ke3 40. Nf1+ Ke4 41. Nd2+ 1/2-1/2

[Event "NJSK 2026 Jeugd C"]
[Site "Helmond, Netherlands"]
[Date "2026.04.27"]
[Round "3.2"]
[White "Blok, Lukas"]
[Black "Guillaumond, Matthieu"]
[Result "0-1"]
[TimeControl "90min/40moves + 30sec/move"]
[WhiteTitle "-"]
[BlackTitle "-"]
[WhiteFideId "40110494"]
[BlackFideId "1097091"]
[WhiteElo "1991"]
[BlackElo "2104"]

1. c4 c5 2. Nc3 Nc6 3. g3 g6 4. Bg2 Bg7 5. e4 a6 6. a4 d6 7. Nge2 Nf6 8. O-O O-O 9. d3 Rb8 10.
h3 Ne8 11. Be3 e5 12. f4 exf4 13. gxf4 b5 14. axb5 axb5 15. Nxb5 Nc7 16. Nec3 Nd4 17. Nxc7 Qxc7 18. Nd5 Qd8 19.
Rb1 Be6 20. Rf2 Bxd5 21. cxd5 f5 22. Kh1 Rb4 23. Bd2 Rb3 24. Bc3 fxe4 25. dxe4 Qh4 26. Rf1 g5 27. fxg5 Rxf1+ 28. Qxf1 Be5 29.
g6 hxg6 30. Ra1 Rb8 31. Be1 Qh6 32.
Ra3 Rf8 33. Qd3 Nf3 34. Bxf3 Qxh3+ 35. Kg1 Bd4+ 36. Bf2 Qg3+ 37. Bg2 Qxf2+ 38. Kh1 Qg1# 0-1

[Event "NJSK 2026 Jeugd C"]
[Site "Helmond, Netherlands"]
[Date "2026.04.27"]
[Round "3.3"]
[White "Pathak, Raghav"]
[Black "Sosef, Noah"]
[Result "1-0"]
[TimeControl "90min/40moves + 30sec/move"]
[WhiteTitle "-"]
[BlackTitle "-"]
[WhiteFideId "1084259"]
[BlackFideId "40107060"]
[WhiteElo "2091"]
[BlackElo "2012"]

1. e4 c6 2. Nf3 d5 3. Nc3 Bg4 4.
h3 Bxf3 5. Qxf3 e6 6. d4 Nf6 7. e5 Nfd7 8. Ne2 c5 9. c3 Nc6 10. a3 cxd4 11. cxd4 Qb6 12. Qd3 Be7 13. b4 Rc8 14.
Be3 Bxb4+ 15. axb4 Nxb4 16. Qb1 Nc2+ 17. Kd2 Nxa1 18. Qxa1 Qb4+ 19. Nc3 O-O 20. Bd3 Nxe5 21. Rb1 Nc4+ 22.
Ke2 Qd6 23. Nb5 Qh2 24. Rh1 Qxg2 25. Bf4 f5 26. Nd6 Rc6 27. Bxc4 dxc4 28. Rg1 Qxh3 29. f3 Ra6 30. Rxg7+ Kh8 31.
Be5 Rf6 32. Bxf6 Qh2+ 33. Rg2# 1-0